 Dungeon Crawl Stone Soup version 0.32-a0-599-gba8f9cf90e (webtiles) character file.

Game seed: 9794861046712223964

588 ragingrage the Sneak (level 7, -3/52 HPs)
             Began as a Formicid Delver on Mar 3, 2024.
             Was a Believer of Yredelemnul.
             Slain by a gnoll sergeant
             ... wielding a +0 trident
              (13 damage)
             ... on level 4 of the Dungeon.
             The game lasted 00:03:57 (3215 turns).

ragingrage the Sneak (Formicid Delver)              Turns: 3215, Time: 00:03:58

Health: -3/52      AC: 11    Str: 16    XL:     7   Next: 65%
Magic:  6/7        EV: 11    Int: 14    God:    Yredelemnul [**....]
Gold:   248        SH:  0    Dex: 17    Spells: 3/6 levels left

rFire   . . .        a - +0 short sword
rCold   + . .        (no shield)
rNeg    . . .        p - +2 ring mail "Teciprie" {rElec rPois Will++ Int+4}
rPois   +            (helmet unavailable)
rElec   +            l - +0 cloak
rCorr   .            (no gloves)
SInv    +            j - +2 pair of boots
Will    ++...        (no amulet)
Stlth   +++          b - ring of protection from cold
HPRegen 0.28/turn    (no ring)
MPRegen 0.10/turn

%: no passive effects
@: wreathed by umbra
A: permanent stasis, dig shafts and tunnels, antennae 3, four strong arms
a: Dig, Shaft Self, Renounce Religion, Light the Black Torch, Recall Undead
Harvest, Hurl Torchlight


You were on level 4 of the Dungeon.
You worshipped Yredelemnul.
Yredelemnul was noncommittal.
You visited 1 branch of the dungeon, and saw 5 of its levels.

You collected 248 gold pieces.

Inventory:

Hand Weapons
 a - a +0 short sword (weapon)
 g - a +0 sling
Armour
 j - a +2 pair of boots (worn)
 l - a +0 cloak (worn)
 p - the +2 ring mail "Teciprie" (worn) {rElec rPois Will++ Int+4}
   (You found it on level 2 of the Dungeon)

   Int+4:     It affects your intelligence (+4).
   rElec:     It insulates you from electricity.
   rPois:     It protects you from poison.
   Will++:    It greatly increases your willpower.
 r - a scarf of shadows
 t - a scarf of harm
Jewellery
 b - a ring of protection from cold (left hand)
Wands
 f - a wand of digging (3)
Scrolls
 c - a scroll of fog
 d - 2 scrolls of revelation
 e - 3 scrolls of fear
 h - a scroll of noise
 i - 2 scrolls of amnesia
 n - a scroll of immolation {unknown}
 u - a scroll of vulnerability
 v - a scroll of butterflies {unknown}
Potions
 k - 2 potions of cancellation {unknown}
 m - 4 potions of haste {unknown}
 o - a potion of heal wounds {unknown}
 q - 3 potions of might {unknown}
 s - 2 potions of degeneration {unknown}
 w - 2 potions of mutation {unknown}


   Skills:
 - Level 3.2 Fighting
 + Level 5.3(5.7) Short Blades
 - Level 3.0(4.5) Long Blades
 - Level 1.3 Ranged Weapons
 - Level 1.7 Dodging
 - Level 6.0 Stealth
 + Level 5.1 Hexes


You had 3 spell levels left.
You knew the following spells:

 Your Spells              Type           Power      Damage    Failure   Level
a - Confusing Touch       Hex            14%        N/A       21%         3

Your spell library contained the following spells:

 Spells                   Type           Power      Damage    Failure   Level
 Kiss of Death            Conj/Necr      0%         2d5       50%         1
 Dispel Undead            Necr           0%         3d6       99%         4


Dungeon Overview and Level Annotations

Branches:
Dungeon (5/15)
 Temple: D:4-7

Altars:
Yredelemnul


Innate Abilities, Weirdness & Mutations

You cannot be hasted, slowed, berserked, paralysed or teleported.
You can dig through walls and to a lower floor.
You have a pair of large antennae on your head. (SInv)
Your four strong arms can wield two-handed weapons with a shield.


Message History

Your dart slug zombie is destroyed!
Your gnoll zombie hits the gnoll sergeant.
You hit the gnoll sergeant but do no damage.
The gnoll sergeant misses you.
The gnoll hits your scorpion zombie with a +0 club.
Your scorpion zombie hits the gnoll sergeant but does no damage.
Your gnoll zombie hits the gnoll sergeant but does no damage.
The gnoll sergeant blocks your attack.
The gnoll sergeant hits you with a +0 trident.
The gnoll barely misses your scorpion zombie.
You hit the gnoll sergeant.
The gnoll sergeant blocks your scorpion zombie's attack.
The gnoll sergeant blocks your gnoll zombie's attack.
The gnoll sergeant blocks your attack.
The gnoll sergeant hits you but does no damage.
The gnoll hits your scorpion zombie with a +0 club.
Your scorpion zombie hits the gnoll sergeant but does no damage.
You barely miss the gnoll sergeant.
Your ice beast zombie hits the gnoll but does no damage.
Your gnoll zombie closely misses the gnoll sergeant.
The gnoll sergeant hits you with a +0 trident!
The gnoll hits your scorpion zombie with a +0 club.
The gnoll sergeant blocks your attack.
Your scorpion zombie barely misses the gnoll.
Your ice beast zombie hits the gnoll.
The gnoll sergeant blocks your attack.
The gnoll sergeant hits you with a +0 trident!
* * * LOW HITPOINT WARNING * * *
The gnoll hits your scorpion zombie with a +0 club.
Your gnoll zombie hits the gnoll sergeant but does no damage.
Your scorpion zombie barely misses the gnoll.
You hit the gnoll sergeant but do no damage.
The gnoll sergeant closely misses you.
The gnoll barely misses your scorpion zombie.
Your ice beast zombie closely misses the gnoll.
Your scorpion zombie closely misses the gnoll.
Your gnoll zombie barely misses the gnoll sergeant.
The gnoll sergeant hits you from afar with a +0 trident!
You die...
Your body rises from the dead as a mindless zombie.

## ... ....
:....,
.....Z######
...)ZZgZ@ZZ#
..###g####.#
..{ #.# #.
####Z######
#
#...ZZ....#
###
#.........#
..#
#...Z.....#
..#
#.........#
..#
#.........#


You could see a gnoll sergeant (ally target), a gnoll (ally target), a friendly
iguana zombie, a friendly scorpion zombie, a friendly ice beast zombie, 2
friendly gnoll zombies and a friendly kobold zombie.

Vanquished Creatures
  Menkaure (D:4)
  An ice beast (D:4)
  A phantom (D:4)
  A bombardier beetle (D:3)
  A jelly (D:5)
  An iguana (D:4)
  2 gnolls
  A river rat (D:3)
  An adder (D:3)
  3 dart slugs
  4 ball pythons
  8 endoplasms
  3 giant cockroaches
  4 goblins (D:1)
  8 hobgoblins
  A quokka (D:1)
  6 bats
  A frilled lizard (D:3)
  4 kobolds
  10 rats
62 creatures vanquished.

Vanquished Creatures (collateral kills)
  A scorpion (D:4)
  2 adders
  3 gnolls (D:4)
  An orc (D:2)
  A giant cockroach (D:4)
  2 goblins
  A quokka (D:4)
  2 ball pythons
  A frilled lizard (D:1)
  2 rats (D:3)
16 creatures vanquished.

Vanquished Creatures (others)
  An adder zombie (D:3)
  A bat zombie (D:1)
  A dart slug zombie (D:4)
  A rat zombie (D:3)
4 creatures vanquished.

Grand Total: 82 creatures vanquished

Notes
Turn   | Place    | Note
-------+----------+-------------------------------------------
     0 | D:5      | ragingrage the Formicid Delver began the quest for the Orb.
     0 | D:5      | Reached XP level 1. HP: 18/18 MP: 1/1
    47 | D:5      | Noticed a jelly
    56 | D:5      | Killed a jelly
    57 | D:5      | Reached XP level 2. HP: 10/24 MP: 2/2
    57 | D:5      | Reached XP level 3. HP: 12/29 MP: 3/3
   267 | D:3      | Found a basalt altar of Yredelemnul.
   292 | D:3      | Reached skill level 1 in Ranged Weapons
   313 | D:3      | Became a worshipper of Yredelemnul the Fallen
   644 | D:2      | Reached XP level 4. HP: 22/35 MP: 4/4
   833 | D:2      | Reached skill level 1 in Long Blades
   842 | D:2      | Identified the +2 ring mail "Teciprie" {rElec rPois Will++
                  | Int+4}
  1451 | D:1      | Reached * piety under Yredelemnul
  1584 | D:1      | Learned a level 3 spell: Confusing Touch
  1828 | D:1      | Reached XP level 5. HP: 41/41 MP: 5/5
  2076 | D:3      | Found a faded altar of an unknown god.
  2209 | D:3      | Reached skill level 1 in Hexes
  2674 | D:4      | Reached XP level 6. HP: 37/47 MP: 6/6
  2996 | D:4      | Noticed Menkaure
  2999 | D:4      | Noticed an ice beast
  3001 | D:4      | Killed Menkaure
  3002 | D:4      | Reached XP level 7. HP: 52/52 MP: 7/7
  3012 | D:4      | Reached skill level 5 in Short Blades
  3080 | D:4      | Reached skill level 5 in Hexes
  3205 | D:4      | Reached ** piety under Yredelemnul
  3215 | D:4      | Slain by a gnoll sergeant

Illustrated notes

Levels and vault maps discovered:
D:1:      minmay_arrival_semitransparent, layout_loops_cross
D:2:      layout_loops_ring, minmay_pentomino_t2
D:3:      layout_basic, mainiacjoe_overflow_catwalk,
          shapermc_ecumenical_altar_venn, portal_sewer_entry_e
D:4:      layout_basic, uniq_menkaure
D:5:      layout_basic, minmay_temple_entry_hall, nicolae_shop_self_help,
          uniq_ijyb

Skill      XL: |  1  2  3  4  5  6  7 |
---------------+----------------------+-----
Short Blades   | 3 4 5 |  5.3
Ranged Weapons | 1 |  1.3
Long Blades    | 2 3 |  3.0
Hexes          | 2 4 5 |  5.1
Fighting       | |  3.2
Dodging        | |  1.7
Stealth        | |  6.0

Action                     |  1- 3 |  4- 6 |  7- 9 || total
---------------------------+-------+-------+-------++-------
  Melee: Short sword       |    14 |   193 |    61 ||   268
   Fire: Sling             |    30 |       |       ||    30
 Invoke: Light the Black T |     1 |     3 |       ||     4
         Recall Undead Har |       |       |     1 ||     1
    Use: Scroll            |       |     4 |       ||     4
   Stab: Sleeping          |     1 |    12 |     2 ||    15
 Armour: Leather armour    |    22 |     6 |       ||    28
         Ring mail         |       |    74 |    27 ||   101
  Dodge: Dodged            |    25 |   109 |    21 ||   155

Table legend: (Time is in decaauts)
 A = Elapsed time spent in this place.
 B = Non-inter-level travel time spent in this place.
 C = Inter-level travel time spent in this place.
 D = Time resting spent in this place.
 E = Time spent auto-exploring this place.
 F = Levels seen in this place.
 G = Mean time per level.
                   A        B        C        D        E       F      G
               +--------+--------+--------+--------+--------+-----+--------+
         Total |   3169 |   3004 |    165 |     69 |   2003 |   5 |  633.8 |
       Dungeon |   3169 |   3004 |    165 |     69 |   2003 |   5 |  633.8 |
               +--------+--------+--------+--------+--------+-----+--------+

Top non-repeatable levels by time:
     D:2: 884 daAuts
     D:3: 835 daAuts
     D:4: 674 daAuts
     D:1: 624 daAuts
     D:5: 151 daAuts
